AoeStats
← Bubbly_Bee

Arena

509967335Analyzed
2v2 RM · 5d ago on Sep 28, 2026· 30m 23s· 4 players
Game mode
Random Map
Map size
Medium (4 player)
Population
200
Speed
Normal
Resources
Standard
Victory
Conquest
Starting age
Dark Age
Ending age
Imperial Age
RankedLock teamsTeams togetherTeam positionsShared explorationLock speedFull tech treeHidden civsTurbo modeCheats
Victory
Defeat
🇦🇷 Britons · Argentina
807
+16
🇨🇿 Bohemians · Czechia
776
+16
🇨🇿 Bohemians · Czechia
801
-16
🇨🇿 Spanish · Czechia
801
-16
Drako
9:39 Loom
12:12 Feudal Age
12:43 Double-Bit Axe
12:59 Man-at-Arms
17:12 Town Watch
19:52 Castle Age
20:02 Crossbowman
22:02 Fletching
23:25 Bow Saw
32:20 Imperial Age
TermodeMiller
4:24 Loom
10:57 Feudal Age
11:33 Double-Bit Axe
13:23 Horse Collar
16:21 Gold Mining
20:19 Castle Age
18:25 Stone Mining
19:35 Fletching
20:14 Padded Archer Armor
22:00 Forging
23:04 Bow Saw
23:03 Heavy Plow
26:20 Wheelbarrow
v.sla13
11:16 Feudal Age
16:56 Castle Age
15:39 Double-Bit Axe
15:37 Horse Collar
26:40 Chemistry
32:40 Imperial Age
Bubbly_Bee
0:30 Loom
14:18 Feudal Age
15:11 Horse Collar
16:48 Double-Bit Axe
22:42 Castle Age
22:25 Fletching
24:50 Bodkin Arrow
Connection lost

Rejoining the realm…

Still unreachable

The connection could not be restored.

Session expired

The server has moved on; the page needs a fresh start.